 Dungeon Crawl Stone Soup version 0.20.1-1-g8b1a95d (webtiles) character file.

71395 Mitsuki the Peltast (level 15, -6/136 HPs)
             Began as a Hill Orc Fighter on Sept 24, 2017.
             Was a High Priest of Okawaru.
             Mangled by a spiny frog (8 damage)
             ... on level 5 of the Lair of Beasts.
             The game lasted 01:16:14 (20852 turns).

Mitsuki the Peltast (Hill Orc Fighter)             Turns: 20852, Time: 01:16:15

Health: -6/136     AC: 27    Str: 30 (32) XL:     15   Next: 36%
Magic:  21/21      EV:  2    Int:  7 (8)  God:    Okawaru [*****.]
Gold:   1457       SH:  0    Dex:  9 (10) Spells: 14/14 levels left

rFire    + + .     SeeInvis +   K - +0 long sword (vamp)
rCold    . . .     Gourm    .   b - +2 shield
rNeg     + + +     Faith    .   U - +2 plate armour {rF+}
rPois    ∞         Spirit   .   R - +0 helmet
rElec    .         Reflect  +   x - +2 cloak of Atzom {SInv}
rCorr    .         Harm     .   a - +0 pair of gloves of the Slorg {rPois}
MR       +....                  Q - +2 pair of boots of the Assassin {Detection Stab+ Stlth++}
Stlth    ..........             s - +4 amulet of reflection
Regen    0.4/turn               y - +4 ring of strength
MPRegen  0.2/turn               V - ring of protection from fire

@: petrified
A: strong 1, subdued magic 1
a: Heroism, Finesse, Renounce Religion


You were on level 5 of the Lair of Beasts.
You worshipped Okawaru.
Okawaru was extremely pleased with you.
You were near starving.

You visited 4 branches of the dungeon, and saw 18 of its levels.
You also visited: Sewer, Bailey and Volcano.

You collected 1457 gold pieces.

Inventory:

Hand Weapons
 i - a +4 great sword of flaming
 v - a +1 rapier of flaming
 K - a +0 vampiric long sword (weapon)
Armour
 a - the +0 pair of gloves of the Slorg (worn) {rPois}
   (Okawaru gifted it to you on level 1 of the Lair of Beasts)

   It protects you from poison.
 b - a +2 shield (worn)
 x - the +2 cloak of Atzom (worn) {SInv}
   (Okawaru gifted it to you on level 4 of the Lair of Beasts)

   It lets you see invisible.
 Q - the +2 pair of boots of the Assassin (worn) {Detection Stab+ Stlth++}
   (Okawaru gifted it to you on level 9 of the Dungeon)

   It makes you much more stealthy.
 R - a +0 helmet (worn)
 U - a +2 plate armour of fire resistance (worn)
Jewellery
 s - a +4 amulet of reflection (around neck)
 y - a +4 ring of strength (left hand)
 V - a ring of protection from fire (right hand)
Wands
 j - a wand of iceblast (1/15)
 z - a wand of iceblast (7/15)
 J - a wand of scattershot (4/9)
Scrolls
 k - a scroll of blinking
 L - 4 scrolls of fog
 P - 3 scrolls of teleportation
Potions
 c - 2 potions of ambrosia
 d - 3 potions of might
 e - 8 potions of flight
 g - 2 potions of invisibility
 h - 5 potions of magic
 l - 11 potions of curing
 m - 2 potions of agility
 o - a potion of berserk rage
 p - 2 potions of brilliance
 r - 2 potions of resistance
 B - 5 potions of haste
 N - 4 potions of cancellation
Comestibles
 f - 8 bread rations
 u - 6 fruits
 A - 3 meat rations
 I - 2 royal jellies


   Skills:
 + Level 13.2 Fighting
 + Level 12.3 Long Blades
 + Level 12.5 Armour
 + Level 16.1 Shields
 - Level 8.0 Invocations
 + Level 0.6 Evocations


You had 14 spell levels left.
You didn't know any spells.

Dungeon Overview and Level Annotations

Branches:
Dungeon (10/15)            Temple (1/1) D:6            Lair (6/6) D:10
 Shoals (0/4) Lair:2       Spider (0/4) Lair:2          Orc (1/2) D:9
  Slime: Lair:5-6

Altars:
Ashenzari
Dithmenos
Elyvilon
Kikubaaqudgha
Nemelex Xobeh
Okawaru
Trog
Vehumet
Xom
Yredelemnul

Shops:
D:9 (

Annotations:
Lair:6 monokles's ghost, journeyman DsGl


Innate Abilities, Weirdness & Mutations

Your muscles are strong. (Str +2)
Your spells are a little easier to cast, but a little less powerful.


Message History

Your plate armour prevents you from hitting the basilisk.
The basilisk is almost dead.
The spiny frog stings you but does no damage.
The basilisk bites you but does no damage.
The spiny frog stings you but does no damage.
You have turned to stone.
The basilisk bites you.
* * * LOW HITPOINT WARNING * * *
The spiny frog stings you but does no damage.
The spiny frog stings you but does no damage.
The basilisk bites you.
* * * LOW HITPOINT WARNING * * *
The spiny frog barely misses you. The basilisk bites you!
* * * LOW HITPOINT WARNING * * *
The spiny frog stings you but does no damage.
The basilisk bites you but does no damage.
The spiny frog stings you!
* * * LOW HITPOINT WARNING * * *
The basilisk barely misses you. The spiny frog stings you!
You die...

#### ### ###### ###..###.###
#.##.# ##..##.##.#.####..##
..................#
..................##
.............P.....# ###
..##.#...####..#F.## #########.#
..####P...#P###l@.#####..[.P....#
..####......####..P##............
..............##...P#....##.#.P.#
..............#....###..##.##.#..
.).#...........#..##.#.#######...
#..P.##...........P##..P# ##.#
#....#......P...........# #.#
...........P#P.........## #.#
..........####.......### #..


You could see a spiny frog and a basilisk.

Vanquished Creatures
  Gastronok (Lair:3)
  A stone giant (Orc:1)
  The ghost of gwathlobal the Basher, a journeyman OgBe of Trog (Lair:1)
  Snorg (Lair:3)
  Josephine (Lair:4)
  Harold (Lair:3)
  A hydra (Lair:2)
  5 two-headed ogres
  Urug (Lair:5)
  A hell knight (Volcano)
  An orc sorcerer (Orc:1)
  An ugly thing (Volcano)
  4 elephants (Lair:4)
  A merfolk siren (Lair:2)
  A black mamba (Lair:2)
  Maurice (D:9)
  A smoke demon (Volcano)
  A torpor snail (Lair:6)
  9 spiny frogs
  2 komodo dragons
  A demonic crawler (Lair:2)
  4 red devils (Volcano)
  A hornet (D:8)
  Prince Ribbit (D:6)
  7 hippogriffs
  15 blink frogs
  42 yaks
  A spriggan (D:10)
  4 wraiths (Lair:4)
  2 basilisks
  2 hungry ghosts (D:9)
  Menkaure (D:5)
  The ghost of BlackCap the Bolt Thrower, an amateur GrHu (Sewer)
  7 water moccasins
  9 porcupines
  2 black bears
  A hornet zombie (D:5)
  3 ogres
  4 orc warriors
  An ice beast (D:9)
  A phantom (D:7)
  4 wolves (Lair:3)
  3 centaurs
  13 crocodiles
  4 big kobolds
  8 bullfrogs
  3 scorpions (Lair:2)
  A water moccasin skeleton (D:9)
  5 killer bees (D:10)
  2 electric eels
  A centaur zombie (D:8)
  3 crimson imps
  4 howler monkeys
  3 quasits
  3 bullfrog zombies
  A hound (D:4)
  A jelly (D:10)
  3 bullfrog skeletons
  5 orc priests
  3 iguanas
  Natasha (twice) (D:2)
  9 orc wizards
  5 hell rats (Lair:1)
  11 worker ants
  Robin (D:2)
  27 gnolls
  20 adders
  4 river rats
  2 shadow imps
  An adder zombie (D:5)
  2 adder skeletons
  5 worms
  2 dart slugs
  9 leopard geckos
  24 orcs
  A ball python (D:6)
  4 bats
  7 giant cockroaches
  24 goblins
  20 hobgoblins
  21 jackals
  26 kobolds
  2 quokkas
  4 frilled lizards
  A jackal zombie (D:5)
  A leopard gecko skeleton (D:4)
  A quokka skeleton (D:5)
  A quokka zombie (D:9)
  13 rats
466 creatures vanquished.

Vanquished Creatures (others)
  Nessos (Lair:4)
  A bush (Lair:5)
  11 fungi (Lair:6)
  2 plants (D:7)
15 creatures vanquished.

Grand Total: 481 creatures vanquished

Notes
Turn   | Place    | Note
-------+----------+-------------------------------------------
     0 | D:1      | Mitsuki the Hill Orc Fighter began the quest for the Orb.
     0 | D:1      | Reached XP level 1. HP: 19/19 MP: 1/1
    68 | D:1      | Reached XP level 2. HP: 24/27 MP: 2/2
   235 | D:1      | Reached XP level 3. HP: 33/33 MP: 3/3
   634 | D:2      | Noticed Robin
   666 | D:2      | Killed Robin
   666 | D:2      | Reached skill level 4 in Shields
   666 | D:2      | Reached XP level 4. HP: 16/40 MP: 4/4
  1282 | D:2      | Found a faded altar of an unknown god.
  1316 | D:2      | Noticed Natasha
  1335 | D:2      | Killed Natasha
  1335 | D:2      | Reached XP level 5. HP: 31/46 MP: 5/5
  1677 | D:2      | Noticed Natasha
  1685 | D:2      | Killed Natasha
  1804 | D:2      | Found a sparkling altar of Nemelex Xobeh.
  2083 | D:3      | HP: 1/47 [river rat (3)]
  2086 | D:3      | Reached skill level 5 in Armour
  2093 | D:3      | Found a glowing drain.
  2097 | Sewer    | Entered a sewer
  2102 | Sewer    | Reached XP level 6. HP: 24/53 MP: 6/6
  2116 | Sewer    | Noticed BlackCap's ghost (amateur GrHu)
  2179 | Sewer    | Killed BlackCap's ghost
  2272 | Sewer    | Reached skill level 5 in Fighting
  2313 | Sewer    | Found a glowing silver altar of Zin.
  2401 | D:3      | Reached skill level 5 in Shields
  2401 | D:3      | Reached XP level 7. HP: 35/61 MP: 7/7
  3906 | D:5      | Entered Level 5 of the Dungeon
  4000 | D:5      | Noticed Menkaure
  4011 | D:5      | Killed Menkaure
  4011 | D:5      | Reached skill level 5 in Long Blades
  4011 | D:5      | Reached XP level 8. HP: 53/70 MP: 8/8
  4577 | D:4      | Reached skill level 6 in Shields
  4650 | D:4      | Found an ancient bone altar of Kikubaaqudgha.
  4813 | D:5      | Found an iron altar of Okawaru.
  4821 | D:5      | Became a worshipper of Warmaster Okawaru
  5318 | D:5      | Reached skill level 1 in Invocations
  5366 | D:6      | Noticed Prince Ribbit
  5399 | D:6      | Killed Prince Ribbit
  5399 | D:6      | Reached * piety under Okawaru
  5623 | D:6      | Found a staircase to the Ecumenical Temple.
  5656 | Temple   | Entered the Ecumenical Temple
  5894 | D:6      | Reached XP level 9. HP: 79/79 MP: 11/11
  6071 | D:7      | Reached skill level 7 in Shields
  6230 | D:7      | Found a radiant altar of Vehumet.
  6357 | D:7      | Reached ** piety under Okawaru
  6978 | D:7      | Found a white marble altar of Elyvilon.
  6982 | D:7      | Found a shattered altar of Ashenzari.
  6984 | D:7      | Found a basalt altar of Yredelemnul.
  7212 | D:7      | Found a shimmering altar of Xom.
  7317 | D:7      | Found a bloodstained altar of Trog.
  7330 | D:7      | Found a shadowy altar of Dithmenos.
  7600 | D:8      | Noticed a two-headed ogre
  7622 | D:8      | Killed a two-headed ogre
  7622 | D:8      | Reached skill level 5 in Invocations
  7823 | D:8      | Noticed a two-headed ogre
  7830 | D:8      | Noticed a hornet
  7853 | D:8      | Killed a two-headed ogre
  7853 | D:8      | Reached *** piety under Okawaru
  7853 | D:8      | Reached skill level 8 in Shields
  7853 | D:8      | Reached XP level 10. HP: 28/90 MP: 12/14
  7867 | D:8      | Reached **** piety under Okawaru
  8637 | D:8      | Noticed a two-headed ogre
  8947 | D:8      | Killed a two-headed ogre
  9656 | D:9      | Found a staircase to the Orcish Mines.
  9785 | D:9      | Found Ykhlig's Antique Weapon Shoppe.
  9998 | D:9      | Noticed a two-headed ogre
 10001 | D:9      | Noticed Maurice
 10027 | D:9      | Killed a two-headed ogre
 10027 | D:9      | Reached ***** piety under Okawaru
 10083 | D:9      | Reached skill level 9 in Shields
 10083 | D:9      | Reached XP level 11. HP: 57/99 MP: 16/16
 10379 | D:9      | Paralysed by fainting for 11 turns
 10727 | D:9      | Killed Maurice
 10727 | D:9      | Reached skill level 10 in Fighting
 10859 | D:10     | Entered Level 10 of the Dungeon
 10918 | D:9      | Received a gift from Okawaru
 11836 | D:10     | Noticed a two-headed ogre
 11887 | D:10     | Reached skill level 10 in Armour
 11917 | D:10     | Killed a two-headed ogre
 11965 | D:10     | Found a staircase to the Lair.
 12355 | Orc:1    | Entered Level 1 of the Orcish Mines
 12382 | Orc:1    | Noticed an orc sorcerer
 12397 | Orc:1    | Killed an orc sorcerer
 12463 | Orc:1    | Noticed a stone giant
 12511 | Orc:1    | Killed a stone giant
 12511 | Orc:1    | Reached skill level 10 in Shields
 12765 | Orc:1    | Found a flagged portal.
 12784 | Bailey   | Entered a bailey
 12839 | Bailey   | Reached skill level 10 in Long Blades
 13681 | Lair:1   | Entered Level 1 of the Lair of Beasts
 13698 | Lair:1   | Reached XP level 12. HP: 110/110 MP: 18/18
 13791 | Lair:1   | Found a dark tunnel.
 13816 | Volcano  | Entered a volcano
 14547 | Lair:1   | Reached ****** piety under Okawaru
 14573 | Lair:1   | Reached skill level 11 in Shields
 14769 | Lair:1   | Received a gift from Okawaru
 14774 | Lair:1   | Got a pair of crude gloves {god gift}
 14780 | Lair:1   | Identified the +0 pair of gloves of the Slorg {rPois} (Okawaru gifted it to you on level 1 of the Lair of Beasts)
 15375 | Lair:1   | Reached skill level 13 in Shields
 15375 | Lair:1   | Reached XP level 13. HP: 117/117 MP: 19/19
 15376 | Lair:1   | Reached skill level 15 in Shields
 15376 | Lair:1   | Reached XP level 14. HP: 125/125 MP: 20/20
 15377 | Lair:1   | Gained mutation: You have a somewhat thin skeletal structure. (Dex +2, Stealth) [potion of mutation]
 15377 | Lair:1   | Gained mutation: Your system is resistant to poisons. (rPois) [potion of mutation]
 15377 | Lair:1   | Gained mutation: You are agile. (Dex +2) [potion of mutation]
 15378 | Lair:1   | Lost mutation: Your system is resistant to poisons. (rPois) [potion of mutation]
 15378 | Lair:1   | Lost mutation: You are agile. (Dex +2) [potion of mutation]
 15378 | Lair:1   | Lost mutation: You have a somewhat thin skeletal structure. (Dex +2, Stealth) [potion of mutation]
 15378 | Lair:1   | Gained mutation: You are surrounded by a mild repulsion field. (EV +2) [potion of mutation]
 15378 | Lair:1   | Gained mutation: You are frail. (-10% HP) [potion of mutation]
 15378 | Lair:1   | Gained mutation: You have large cloven feet. [potion of mutation]
 15379 | Lair:1   | Lost mutation: You are frail. (-10% HP) [potion of mutation]
 15379 | Lair:1   | Lost mutation: You have large cloven feet. [potion of mutation]
 15379 | Lair:1   | Lost mutation: You are surrounded by a mild repulsion field. (EV +2) [potion of mutation]
 15379 | Lair:1   | Gained mutation: You have sharp toenails. [potion of mutation]
 15379 | Lair:1   | Gained mutation: You are partially covered in iridescent scales. (AC +2) [potion of mutation]
 15380 | Lair:1   | Lost mutation: You have sharp toenails. [potion of mutation]
 15380 | Lair:1   | Lost mutation: You are partially covered in iridescent scales. (AC +2) [potion of mutation]
 15380 | Lair:1   | Gained mutation: You are surrounded by a mild repulsion field. (EV +2) [potion of mutation]
 15380 | Lair:1   | Gained mutation: You have sharp toenails. [potion of mutation]
 15380 | Lair:1   | Gained mutation: Your spells are a little harder to cast, but a little more powerful. [potion of mutation]
 15381 | Lair:1   | Lost mutation: Your spells are a little harder to cast, but a little more powerful. [potion of mutation]
 15381 | Lair:1   | Lost mutation: You are surrounded by a mild repulsion field. (EV +2) [potion of mutation]
 15381 | Lair:1   | Gained mutation: Scrolls take you a little longer to read. [potion of mutation]
 15381 | Lair:1   | Gained mutation: Your muscles are strong. (Str +2) [potion of mutation]
 15381 | Lair:1   | Gained mutation: Your body sometimes deteriorates upon taking damage. [potion of mutation]
 15381 | Lair:1   | Gained mutation: You can translocate small distances at will. [potion of mutation]
 15397 | Lair:1   | Noticed gwathlobal's ghost (journeyman OgBe)
 15483 | Lair:1   | Killed gwathlobal's ghost
 16140 | Lair:2   | Found a hole to the Spider Nest.
 16530 | Lair:2   | Lost mutation: Scrolls take you a little longer to read. [potion of mutation]
 16530 | Lair:2   | Lost mutation: Your body sometimes deteriorates upon taking damage. [potion of mutation]
 16530 | Lair:2   | Lost mutation: Your muscles are strong. (Str +2) [potion of mutation]
 16530 | Lair:2   | Lost mutation: You can translocate small distances at will. [potion of mutation]
 16530 | Lair:2   | Lost mutation: You have sharp toenails. [potion of mutation]
 16530 | Lair:2   | Gained mutation: Your spells are a little easier to cast, but a little less powerful. [potion of mutation]
 16530 | Lair:2   | Gained mutation: Your muscles are strong. (Str +2) [potion of mutation]
 16598 | Lair:2   | Found a staircase to the Shoals.
 17113 | Lair:3   | Noticed Gastronok
 17134 | Lair:3   | Noticed Snorg
 17138 | Lair:3   | Killed Snorg
 17493 | Lair:3   | Killed Gastronok
 17714 | Lair:3   | Noticed Harold
 17754 | Lair:3   | Killed Harold
 17754 | Lair:3   | Reached XP level 15. HP: 129/134 MP: 21/21
 18641 | Lair:4   | Noticed Nessos
 18656 | Lair:4   | Killed Nessos
 18759 | Lair:4   | Noticed Josephine
 18777 | Lair:4   | Killed Josephine
 18777 | Lair:4   | Reached skill level 16 in Shields
 18786 | Lair:4   | Received a gift from Okawaru
 18789 | Lair:4   | Got a distressingly furry cloak {god gift}
 18800 | Lair:4   | Identified the +2 cloak of Atzom {SInv} (Okawaru gifted it to you on level 4 of the Lair of Beasts)
 19578 | Lair:5   | Noticed Urug
 19617 | Lair:5   | Killed Urug
 20361 | Lair:6   | Entered Level 6 of the Lair of Beasts
 20380 | Lair:6   | Noticed monokles's ghost (journeyman DsGl)
 20850 | Lair:5   | HP: 6/136 [basilisk (5)]
 20851 | Lair:5   | HP: 2/136 [spiny frog (4)]
 20852 | Lair:5   | Mangled by a spiny frog

Skill      XL: |  1  2  3  4  5  6  7  8  9 10 11 12 13 14 15 |
---------------+----------------------------------------------+-----
Armour         | 4 5 6 7 8 9 10 11 12 | 12.5
Long Blades    | 3 4 5 6 7 8 10 11 12 | 12.3
Shields        | 4 5 6 8 9 10 13 15 16 | 16.1
Fighting       | 4 5 6 7 8 9 11 12 13 | 13.2
Invocations    | 3 6 7 8 |  8.0
Evocations     | |  0.6

Action                   |  1- 3 |  4- 6 |  7- 9 | 10-12 | 13-15 || total
-------------------------+-------+-------+-------+-------+-------++-------
Melee: Long sword        |   125 |   230 |   495 |   962 |  1137 ||  2949
       Falchion          |       |       |   232 |   210 |       ||   442
       Great sword       |       |       |       |       |    20 ||    20
       Rapier            |       |       |       |       |    11 ||    11
Invok: Heroism           |       |       |     2 |     5 |     4 ||    11
       Finesse           |       |       |       |     3 |     4 ||     7
 Abil: Blink             |       |       |       |       |     1 ||     1
  Use: Scroll            |       |     4 |       |    14 |     7 ||    25
       Potion            |       |     2 |     2 |     3 |     9 ||    16
  Eat: Chunk             |       |     6 |    15 |    26 |    10 ||    57
       Royal jelly       |       |       |     2 |     3 |     2 ||     7
       Meat ration       |       |       |       |     1 |     1 ||     2
       Bread ration      |       |       |       |     2 |       ||     2
       Fruit             |       |       |       |       |     2 ||     2
Armor: Scale mail        |    73 |    81 |     1 |       |       ||   155
       Plate armour      |       |       |   467 |   486 |   365 ||  1318
Dodge: Dodged            |    45 |    64 |   142 |   212 |   152 ||   615
Block: Shield            |    69 |   116 |   409 |   697 |   827 ||  2118
       Other             |       |       |       |       |     4 ||     4
       Reflection        |       |       |       |       |    10 ||    10
       Rpst.: Long sword |    15 |    26 |    27 |    48 |    36 ||   152
       Falchion          |       |       |    10 |     7 |       ||    17
       Great sword       |       |       |       |       |     8 ||     8
